 Dungeon Crawl Stone Soup version 0.32-a0-391-gce5c0aab1b (webtiles) character file.

Game seed: 12475000250636456518

120 Ceno the Slasher (level 5, 0/41 HPs)
             Began as a Coglin Warper on Feb 20, 2024.
             Was a Follower of Okawaru.
             Killed from afar by Ijyb (13 damage)
             ... with an iceblast
             ... on level 3 of the Dungeon.
             The game lasted 00:03:46 (1362 turns).

Ceno the Slasher (Coglin Warper)                    Turns: 1362, Time: 00:03:47

Health: 0/41       AC:  5    Str: 11    XL:     5   Next: 4%
Magic:  7/8        EV: 11    Int: 13    God:    Okawaru [*.....]
Gold:   72         SH:  0    Dex: 15    Spells: 5/9 levels left

rFire   . . .        a - +0 falchion {Mbali}
rCold   . . .        m - +0 dagger (drain) {Wilburh}
rNeg    . . .        b - +0 leather armour
rPois   .            o - +0 helmet
rElec   .            (no cloak)
rCorr   .            k - +0 pair of gloves
SInv    .            (no boots)
Will    .....        (no amulet)
Stlth   +            (no ring)
HPRegen 0.26/turn    (no ring)
MPRegen 0.11/turn

%: no passive effects
@: revving, stiff-legged, very slow
A: off-hand wielding, slow wielding, warmup strikes, warmup strides
a: Renounce Religion, Heroism


You were on level 3 of the Dungeon.
You worshipped Okawaru.
Okawaru was aware of your devotion.
You visited 1 branch of the dungeon, and saw 3 of its levels.

You collected 72 gold pieces.

Inventory:

Hand Weapons
 a - a +0 falchion (weapon) {Mbali}
 m - a +0 dagger of draining (worn) {Wilburh}
Missiles
 d - 7 darts of dispersal
 j - 24 stones (quivered)
Armour
 b - a +0 leather armour (worn)
 k - a +0 pair of gloves (worn)
 o - a +0 helmet (worn)
Scrolls
 c - a scroll of blinking
 e - a scroll of teleportation
 f - 2 scrolls of identify {unknown}
 p - a scroll of fear {unknown}
Potions
 g - 2 potions of enlightenment {unknown}
 h - a potion of degeneration {unknown}
 i - a potion of heal wounds {unknown}
 l - 2 potions of curing {unknown}
 n - a potion of invisibility {unknown}


   Skills:
 + Level 3.0 Fighting
 * Level 3.8 Long Blades
 - Level 0.8 Throwing
 - Level 0.8 Armour
 - Level 1.7 Dodging
 + Level 2.5 Spellcasting
 - Level 3.0 Translocations


You had 5 spell levels left.
You knew the following spells:

 Your Spells              Type           Power      Damage    Failure   Level
a - Blink                 Tloc           18%        N/A       14%         2
b - Lesser Beckoning      Tloc           18%        N/A       14%         2

Your spell library contained the following spells:

 Spells                   Type           Power      Damage    Failure   Level
 Teleport Other           Tloc           9%         N/A       28%         3
 Manifold Assault         Tloc           9%         N/A       67%         4
 Vhi's Electric Charge    Tloc/Air       10%        N/A       86%         4


Dungeon Overview and Level Annotations

Branches:
Dungeon (3/15)

Altars:
Okawaru

Annotations:
D:3 Ijyb


Innate Abilities, Weirdness & Mutations

You can wield a second weapon in your off-hand.
It takes a long time for you to wield or remove held weapons.
Your first few attacks do less damage.
Your first movements take longer.


Message History

The jackal bites you but does no damage. x2
The adder completely misses you.
You completely miss the adder with your +0 falchion.
The adder is severely wounded.
You hit the adder but do no damage. The jackal completely misses you.
The jackal barely misses you. The adder bites you but does no damage.
The jackal bites you but does no damage.
You barely miss the adder with your +0 dagger of draining.
The adder is severely wounded.
You hit the adder with your +0 falchion.
You kill the adder!
Okawaru accepts your kill.
The jackal bites you but does no damage.
The jackal barely misses you. The jackal bites you.
Your Fighting skill increases to level 3!
You have reached level 5!
You hit the jackal with your +0 dagger of draining.
You drain the jackal.
The jackal is almost dead.
You barely miss the jackal with your +0 falchion.
The jackal completely misses you. The jackal bites you.
You hit the jackal with your +0 dagger of draining.
You kill the jackal!
Okawaru accepts your kill.
The jackal bites you but does no damage. x2
You slash the jackal with your +0 falchion!
You kill the jackal!
Okawaru accepts your kill.
No target in view!
No target in view!
Ijyb the Inquisitive comes into view.
She is wielding a +0 club, wearing a +1 leather armour of poison resistance and carrying a wand of iceblast.
Ijyb shouts!
Ijyb zaps a wand.
The mass of ice explodes!
The iceblast engulfs you!!
Ouch! That really hurt!
* * * LOW HITPOINT WARNING * * *
You hear a loud squeak.
There is a stone staircase leading up here.
Ijyb zaps a wand.
The mass of ice explodes!
The iceblast engulfs you!
You die...
Ijyb screams, "Time for next experiment!"

####. ###
##...< ...
...... .:#
......##g####
...........##.#
#.............
#)........#
#†@.#.#####
.......†.# #
...........
.........#.#
........#....
.......#.#.###
.#.#### . . ..
. .


You could see Ijyb.

Vanquished Creatures
  Robin (D:2)
  2 adders (D:3)
  4 endoplasms
  6 giant cockroaches
  12 goblins
  5 hobgoblins
  5 jackals
  2 kobolds
  6 ball pythons
  A bat (D:2)
  4 frilled lizards
48 creatures vanquished.

Notes
Turn   | Place    | Note
-------+----------+-------------------------------------------
     0 | D:1      | Ceno the Coglin Warper began the quest for the Orb.
     0 | D:1      | Reached XP level 1. HP: 16/16 MP: 3/3
    92 | D:1      | Reached XP level 2. HP: 22/22 MP: 4/4
    95 | D:1      | Learned a level 2 spell: Blink
    98 | D:1      | Learned a level 2 spell: Lesser Beckoning
   279 | D:1      | Found a faded altar of an unknown god.
   284 | D:1      | Prayed at the altar of an unknown god.
   284 | D:1      | Became a worshipper of Warmaster Okawaru
   284 | D:1      | Reached * piety under Okawaru
   581 | D:2      | Reached XP level 3. HP: 28/28 MP: 6/6
  1079 | D:2      | Noticed Robin
  1083 | D:2      | Reached XP level 4. HP: 29/33 MP: 7/7
  1097 | D:2      | Killed Robin
  1357 | D:3      | Reached XP level 5. HP: 35/41 MP: 6/8
  1360 | D:3      | Noticed Ijyb
  1362 | D:3      | Killed from afar by Ijyb

Illustrated notes

Levels and vault maps discovered:
D:1:      orjb1_clovarrival, layout_basic, shapermc_ecumenical_altar_acropolis
D:2:      layout_loops_ring, minmay_worlds_worst_comb, uniq_robin
D:3:      layout_loops_ring, nicolae_vehumet_altar_sigil, uniq_ijyb

Skill      XL: |  1  2  3  4 |
---------------+-------------+-----
Spellcasting   | 2 |  2.5
Long Blades    | 3 |  3.8
Fighting       | 3 |  3.0
Throwing       | |  0.8
Armour         | |  0.8
Dodging        | |  1.7
Translocations | |  3.0

Action                     |  1- 3 |  4- 6 || total
---------------------------+-------+-------++-------
  Melee: Falchion          |    89 |    32 ||   121
         Dagger            |    16 |    30 ||    46
  Throw: Stone             |     2 |       ||     2
   Cast: Lesser Beckoning  |       |     2 ||     2
 Invoke: Heroism           |       |     1 ||     1
    Use: Scroll            |       |     1 ||     1
   Stab: Sleeping          |       |     1 ||     1
 Armour: Leather armour    |    38 |    28 ||    66
  Dodge: Dodged            |    56 |    28 ||    84

Table legend: (Time is in decaauts)
 A = Elapsed time spent in this place.
 B = Non-inter-level travel time spent in this place.
 C = Inter-level travel time spent in this place.
 D = Time resting spent in this place.
 E = Time spent auto-exploring this place.
 F = Levels seen in this place.
 G = Mean time per level.
                   A        B        C        D        E       F      G
               +--------+--------+--------+--------+--------+-----+--------+
         Total |   1431 |   1400 |     31 |     88 |    941 |   3 |  477.0 |
       Dungeon |   1431 |   1400 |     31 |     88 |    941 |   3 |  477.0 |
               +--------+--------+--------+--------+--------+-----+--------+

Top non-repeatable levels by time:
     D:2: 792 daAuts
     D:1: 613 daAuts
     D:3: 25 daAuts
